 Dungeon Crawl Stone Soup version 0.26.1-15-g04117e645d (webtiles) character file.

Game seed: 7625068639325846052

109 suipiss the Grave Robber (level 4, -3/24 HPs)
             Began as a Deep Elf Necromancer on Dec 30, 2022.
             Slain by y3s's ghost (8 damage)
             ... on level 3 of the Dungeon.
             The game lasted 00:06:39 (3151 turns).

suipiss the Grave Robber (Deep Elf Necromancer)     Turns: 3151, Time: 00:06:39

Health: -3/24      AC:  2    Str:  5    XL:     4   Next: 60%
Magic:  12/12      EV: 13    Int: 21    God:
Gold:   101        SH:  0    Dex: 15    Spells: 3/12 levels left

rFire    + . .     SeeInvis .   b - +4 rapier
rCold    + . .     Faith    .   (no shield)
rNeg     . . .     Spirit   .   a - +0 robe
rPois    +         Reflect  .   (no helmet)
rElec    +         Harm     .   (no cloak)
rCorr    +         Rampage  .   (no gloves)
Will     .....                  (no boots)
Stlth    +++.......             (no amulet)
HPRegen  0.08/turn              d - ring of stealth
MPRegen  0.13/turn              (no ring)

@: mighty, resistant, flying
A: no striking features
a: no special abilities


You were on level 3 of the Dungeon.
You visited 1 branch of the dungeon, and saw 3 of its levels.

You collected 101 gold pieces.

Inventory:

Hand Weapons
 b - a +4 rapier (weapon)
 f - a +0 short sword
Armour
 a - a +0 robe (worn)
 o - a +0 buckler
Jewellery
 d - a ring of stealth (left hand)
Scrolls
 c - 3 scrolls of remove curse
 e - 2 scrolls of enchant armour
 j - a scroll of teleportation {unknown}
 n - a scroll of random uselessness {unknown}


   Skills:
 - Level 0.1 Short Blades
 - Level 2.4 Dodging
 - Level 2.4 Stealth
 * Level 0.0 Shields
 * Level 4.6 Spellcasting
 * Level 6.5 Necromancy


You had 3 spell levels left.
You knew the following spells:

 Your Spells              Type           Power        Failure   Level
a - Pain                  Necr           100%         1%          1
b - Animate Skeleton      Necr           64%          1%          1
c - Vampiric Draining     Necr           16%          2%          3
d - Animate Dead          Necr           16%          8%          4

Your spell library contained the following spells:

 Spells                   Type           Power        Failure   Level
 Agony                    Necr           32%          22%         5


Dungeon Overview and Level Annotations

Branches:
Dungeon (3/15)

Altars:
Nemelex Xobeh
Vehumet
The Shining One

Annotations:
D:3 y3s's ghost, amateur MiFi


Message History

* * * LOW HITPOINT WARNING * * *
You feel much better. Y3s's ghost hits you!
Ouch! That really hurt!
You puncture y3s's ghost!
Y3s's ghost is heavily damaged.
Y3s's ghost hits you!
* * * LOW HITPOINT WARNING * * *
Okay, then.
Y3s's ghost hits you but does no damage.
Y3s's ghost barely misses you.
It was a potion of resistance.
You feel protected.
Y3s's ghost whispers, "The ORB doesn't exist."
It was a potion of flight.
You feel very buoyant.
You fly up into the air.
Y3s's ghost barely misses you.
Y3s's ghost screams, "Zot is a myth, the ORB is a fable, you'll soon be a tale!"
The white imp grinds its teeth.
Y3s's ghost hits you!
You die...

.##§§§#............##.#.#
.###§##....#######.#..#
.##.)?#.#........#.#..# #
.##.?.#.#.#.####.#.#..#.#
..#...#.#+#....#.#.##.#.#
..#####........#.#......#
.....##....#####.####.######
..#^..#>....(...............#
.##.###....#####@##########.#
.##.>.........5W........#
.##.(##....#.#.#.######.#
.....#######.#.#.# #.# .....#
##.#+#+### #.# .....#
#........# #.#
.....######........# #.#
...................# #.#
#....######........####.###


You could see y3s's ghost and a white imp.

Vanquished Creatures
  4 adders
  3 dart slugs
  A leopard gecko (D:1)
  8 bats
  5 giant cockroaches
  8 goblins
  8 hobgoblins
  6 jackals
  A quokka (D:2)
  A ball python (D:1)
  5 frilled lizards
  9 kobolds
  4 rats
63 creatures vanquished.

Notes
Turn   | Place    | Note
-------+----------+-------------------------------------------
     0 | D:1      | suipiss the Deep Elf Necromancer began the quest for the
                  | Orb.
     0 | D:1      | Reached XP level 1. HP: 10/10 MP: 6/6
   109 | D:1      | Reached skill level 5 in Necromancy
   281 | D:1      | Reached XP level 2. HP: 3/15 MP: 0/8
   283 | D:1      | Learned a level 1 spell: Animate Skeleton
   984 | D:1      | Reached XP level 3. HP: 17/19 MP: 8/10
   988 | D:1      | Learned a level 3 spell: Vampiric Draining
  1891 | D:2      | Reached skill level 6 in Necromancy
  2114 | D:2      | Reached XP level 4. HP: 22/24 MP: 9/12
  2119 | D:2      | Learned a level 4 spell: Animate Dead
  2265 | D:2      | Found a glowing golden altar of the Shining One.
  2712 | D:3      | Found a sparkling altar of Nemelex Xobeh.
  2977 | D:3      | Found a radiant altar of Vehumet.
  3103 | D:3      | Found a runed translucent door.
  3104 | D:3      | Noticed y3s's ghost (amateur MiFi)
  3151 | D:3      | Slain by y3s's ghost

Illustrated notes

Levels and vault maps discovered:
D:1:      sevenhm_arrival_forest_fort_small_4, layout_loops_cross
D:2:      layout_basic, lemuel_doored_altar, minmay_cut_off
D:3:      layout_basic, vehumet_crystals, nicolae_overflow_crystal_walls,
          ebering_ghost_inner_flame

Skill      XL: |  1  2  3 |
---------------+----------+-----
Necromancy     | 5 6 |  6.5
Spellcasting   | 4 |  4.6
Short Blades   | |  0.1
Dodging        | |  2.4
Stealth        | |  2.4

Action                   |  1- 3 |  4- 6 || total
-------------------------+-------+-------++-------
Melee: Dagger            |     1 |       ||     1
       Short sword       |    10 |       ||    10
       Rapier            |       |     5 ||     5
 Cast: Pain              |    66 |    25 ||    91
       Vampiric Draining |     2 |       ||     2
  Use: Scroll            |     2 |     3 ||     5
       Potion            |       |     4 ||     4
 Stab: Sleeping          |     3 |     1 ||     4
Armor: Robe              |     3 |     2 ||     5
Dodge: Dodged            |    17 |     6 ||    23
